 Dungeon Crawl Stone Soup version 0.17.1-3-g152610e (webtiles) character file.

128 Kjetter the Ducker (level 4, 37/37 HPs)
             Began as a Draconian Gladiator on Dec 8, 2015.
             Quit the game on level 4 of the Dungeon on Mar 19, 2016.
             The game lasted 00:13:49 (2616 turns).

Kjetter the Ducker (Draconian Gladiator)            Turns: 2616, Time: 00:13:49

Health: 37/37      AC:  5    Str: 18    XL:     4   Next: 86%
Magic:  4/4        EV: 16    Int:  9    God:
Gold:   183        SH:  0    Dex: 11    Spells: 0 memorised, 3 levels left

rFire  . . .     SeeInvis .     a - +0 trident
rCold  . . .     Clarity  .     (armour unavailable)
rNeg   . . .     SustAt   +     (no shield)
rPois  .         Gourm    .     b - +0 hat
rElec  .         Spirit   .     (no cloak)
rCorr  .         Warding  .     (no gloves)
rMut   .         Stasis   .     (no boots)
MR     .....                    (no amulet)
Stlth  +.........               l - +3 ring of evasion
                                j - ring of sustain attributes

@: not resistant to hostile enchantments, very unstealthy
A: unfitting armour, cold-blooded, AC +5
a: no special abilities


You were on level 4 of the Dungeon.
You were hungry.

You visited 1 branch of the dungeon, and saw 4 of its levels.

You collected 183 gold pieces.

Inventory:

Hand Weapons
 a - a +0 trident (weapon)
Missiles
 c - 3 throwing nets
 e - 20 poisoned arrows
 m - 73 stones (quivered)
 t - 28 arrows
 u - 24 bolts
 v - 32 poisoned needles
 z - 3 needles of frenzy
Armour
 b - a +0 hat (worn)
 g - a +0 robe
Jewellery
 j - a ring of sustain attributes (left hand)
 l - a +3 ring of evasion (right hand)
 s - an uncursed amulet of resist mutation {unknown}
Scrolls
 h - a scroll of fear {unknown}
 k - a scroll of immolation {unknown}
 o - 3 scrolls of noise {unknown}
 p - 2 scrolls of teleportation {unknown}
 w - a scroll of recharging {unknown}
 x - a scroll of random uselessness {unknown}
 y - a scroll of identify {unknown}
Potions
 i - a potion of magic {unknown}
 q - a potion of curing {unknown}
 r - a potion of brilliance {unknown}
Comestibles
 d - 3 bread rations
 f - 3 meat rations
 n - 9 fruits
 A - a beef jerky


   Skills:
 + Level 2.9 Fighting
 + Level 3.8 Polearms
 + Level 1.8 Throwing
 + Level 4.2 Dodging
 + Level 0.4 Stealth


You had 3 spell levels left.
You didn't know any spells.

Dungeon Overview and Level Annotations

Branches:
Dungeon (4/15)
 Temple: D:4-7

Altars:
Cheibriados
Fedhas
Ru
Xom


Innate Abilities, Weirdness & Mutations

Your plain brown scales are hard (AC +5).
Your body does not fit into most forms of armour.
You are cold-blooded and may be slowed by cold attacks.


Message History

n - 5 fruits (gained 2)
n - 8 fruits (gained 3)
n - 9 fruits (gained 1)
There is a stone staircase leading up here.
You see here a spear.
Done exploring.
Done exploring.
(D) Dungeon
Where to? (Enter - D:3, ? - help)
What level of the Dungeon? (default 1, ? - help)
You see here a spear.
There is a stone staircase leading down here.
You climb downwards.
There is a stone staircase leading up here.
Save game and exit?
Welcome back, Kjetter the Draconian Gladiator.
Press ? for a list of commands and other information.
Quiver which item? (- for none, * to show all) (? for menu, Esc to quit)
Okay, then.
Are you sure you want to abandon this character and quit the game? (Confirm with "yes".)

####
...
..#
#.#
#.#
#@#
###


There were no monsters in sight!

Vanquished Creatures
  5 adders
  3 worms (D:2)
  4 giant geckos (D:1)
  2 ball pythons
  3 giant cockroaches
  6 goblins
  9 hobgoblins
  10 jackals
  5 kobolds
  2 quokkas (D:2)
  9 bats
  3 giant newts
  5 rats
66 creatures vanquished.

Notes
Turn   | Place    | Note
--------------------------------------------------------------
     0 | D:1      | Kjetter the Draconian Gladiator began the quest for the Orb.
     0 | D:1      | Reached XP level 1. HP: 17/17 MP: 1/1
    97 | D:1      | Reached XP level 2. HP: 16/25 MP: 2/2
   635 | D:1      | Reached XP level 3. HP: 28/30 MP: 3/3
  1016 | D:2      | Found a sacrificial altar of Ru.
  1017 | D:2      | Found a snail-covered altar of Cheibriados.
  1505 | D:2      | Reached XP level 4. HP: 37/37 MP: 4/4
  2161 | D:3      | Reached skill level 4 in Dodging
  2326 | D:3      | Found a shimmering altar of Xom.
  2491 | D:3      | Found a blossoming altar of Fedhas.
  2616 | D:4      | Upgraded the game from 0.17.0-57-g0e89251 to 0.17.1-3-g152610e
  2616 | D:4      | Quit the game

Action                   |  1- 3 |  4- 6 || total
-------------------------+-------+-------++-------
Melee: Trident           |   177 |    85 ||   262
Throw: Stone             |       |    34 ||    34
 Stab: Sleeping          |       |     1 ||     1
  Eat: Meat ration       |     1 |       ||     1
